 Dungeon Crawl Stone Soup version 0.24-a0-434-gd57e52fea8 (webtiles) character file.

Game seed: 541802897759443639

267 mortelune the Digger (level 6, -8/51 HPs)
             Began as a Deep Dwarf Earth Elementalist on June 15, 2019.
             Killed by divine providence
             ... invoked by an orc priest
              (11 damage)
             ... on level 4 of the Dungeon.
             The game lasted 00:07:37 (4014 turns).

mortelune the Digger (DDEE)                         Turns: 4014, Time: 00:07:38

Health: -8/51      AC:  5    Str: 13    XL:     6   Next: 0%
Magic:  2/9        EV: 13    Int: 16    God:
Gold:   133        SH:  4    Dex: 13    Spells: 6/10 levels left

rFire    . . .     SeeInvis .   e - +0 hand axe
rCold    . . .     Gourm    .   o - +0 buckler
rNeg     . . .     Faith    .   c - +0 robe
rPois    .         Spirit   .   i - +0 helmet
rElec    .         Reflect  .   (no cloak)
rCorr    .         Harm     .   q - +1 pair of gloves
MR       .....                  (no boots)
Stlth    ++........             (no amulet)
HPRegen  0.00/turn              (no ring)
MPRegen  0.11/turn              (no ring)

@: lethally poisoned (-8 -> -8), berserk cooldown, non-regenerating, slowed,
very slow
A: damage resistance, heal wounds, sense surroundings 1, no regeneration
a: Heal Wounds


You were on level 4 of the Dungeon.
You were not hungry.

You visited 1 branch of the dungeon, and saw 4 of its levels.

You collected 133 gold pieces.

Inventory:

Hand Weapons
 e - a +0 hand axe (weapon)
Missiles
 b - 23 stones (quivered)
Armour
 c - a +0 robe (worn)
 i - a +0 helmet (worn)
 o - a +0 buckler (worn)
 q - a +1 pair of gloves (worn)
Scrolls
 r - 2 scrolls of immolation
Potions
 h - a potion of flight {unknown}
 j - a potion of lignification {unknown}
 k - 2 potions of curing
 n - a potion of magic {unknown}
Comestibles
 a - 2 chunks of flesh
 d - 3 rations


   Skills:
 + Level 1.1 Fighting
 - Level 3.3 Dodging
 - Level 2.4 Stealth
 + Level 1.3 Shields
 + Level 2.9 Spellcasting
   Level 0.8 Transmutations
 * Level 6.7 Earth Magic


You had 6 spell levels left.
You knew the following spells:

 Your Spells              Type           Power        Failure   Level  Hunger
a - Sandblast             Erth           ###...       1%          1    #......
b - Stone Arrow           Conj/Erth      ##....       21%         3    ###....

Your spell library contained the following spells:

 Spells                   Type           Power        Failure   Level  Hunger
 Passwall                 Tmut/Erth      ##......     9%          2    ##.....
 Lee's Rapid Deconstruct  Erth           ###.......   43%         5    ######.
 Petrify                  Tmut/Erth      ##......     50%         4    #####..


Dungeon Overview and Level Annotations

Branches:
Dungeon (4/15)
 Temple: D:4-7

Altars:
Dithmenos
Elyvilon


Innate Abilities, Weirdness & Mutations

You are resistant to damage.
You can heal yourself by infusing magical energy.
You passively map a small area around you.
You do not regenerate.


Message History

The orc priest invokes the aid of Beogh against you.
Beogh smites you!
* * * LOW HITPOINT WARNING * * *
The orc priest looks encouraged for a moment.
The orc wizard closely misses you. The orc priest barely misses you.
A red film seems to cover your vision as you go berserk!
You feel yourself moving faster!
You feel mighty! The orc closely misses you.
Some of the chunks of flesh in your inventory have rotted away.
You feel a strong urge to attack something.
The orc priest misses you. The orc priest misses you.
You feel your anger nearly subside.
You are no longer berserk.
You are exhausted.
You feel yourself slow down.
The orc priest casts a cantrip, but nothing happens.
The orc priest invokes the aid of Beogh against you.
Beogh smites you!
You die...

#.............# ,
#.............#**
#............>+ ,
, #.......W.....#
,,
#.%...........#
#.............#
** #.....ro......
* , #...o...o.###
, #.....oo@.# ,
#########.# , , ,
... , #### , , *


You could see a phantom, 3 orc priests, an orc wizard (inner flame), an orc
(inner flame) and a quokka.

Vanquished Creatures
  2 killer bees (D:4)
  A worker ant (D:3)
  4 gnolls (D:2)
  4 adders
  An ooze (D:1)
  2 worms
  3 dart slugs
  3 leopard geckos
  3 orcs (D:3)
  3 bats
  6 giant cockroaches
  9 goblins
  3 hobgoblins
  8 jackals (D:2)
  3 kobolds
  A ball python (D:3)
  3 frilled lizards
  7 rats
66 creatures vanquished.

Notes
Turn   | Place    | Note
-------+----------+-------------------------------------------
     0 | D:1      | mortelune the Deep Dwarf Earth Elementalist began the quest
                  | for the Orb.
     0 | D:1      | Reached XP level 1. HP: 15/15 MP: 3/3
   135 | D:1      | Reached XP level 2. HP: 11/22 MP: 0/4
   901 | D:2      | Reached XP level 3. HP: 13/28 MP: 1/6
  1014 | D:2      | Reached skill level 5 in Earth Magic
  1216 | D:2      | Learned a level 3 spell: Stone Arrow
  1431 | D:2      | Reached XP level 4. HP: 11/36 MP: 1/7
  2429 | D:3      | Reached skill level 6 in Earth Magic
  2784 | D:3      | Reached XP level 5. HP: 38/42 MP: 5/7
  3805 | D:3      | Found a white marble altar of Elyvilon.
  3954 | D:4      | Found a shadowy altar of Dithmenos.
  3990 | D:4      | Reached skill level 1 in Shields
  3993 | D:4      | Reached skill level 1 in Fighting
  3993 | D:4      | Reached XP level 6. HP: 33/51 MP: 0/9
  3999 | D:4      | HP: 1/51 [killer bee (8)]
  4014 | D:4      | Killed from afar by an orc priest

Levels and vault maps discovered:
D:1:      dpeg_arrival_long_road, layout_loops_ring
D:2:      layout_basic
D:3:      wad_pebble_path, layout_basic, nicolae_overflow_crystal_walls
D:4:      layout_basic, nicolae_dithmenos_shadow_blocks,
          gammafunk_temple_overflow_elements, uniq_edmund

Skill      XL: |  1  2  3  4  5 |
---------------+----------------+-----
Spellcasting   | 2 |  2.9
Earth Magic    | 5 6 |  6.7
Dodging        | 3 |  3.3
Shields        | 1 |  1.3
Fighting       | 1 |  1.1
Stealth        | |  2.4
Transmutations | |  0.8

Action                   |  1- 3 |  4- 6 || total
-------------------------+-------+-------++-------
Melee: Hand axe          |    16 |     8 ||    24
 Cast: Sandblast         |    45 |    46 ||    91
       Stone Arrow       |     1 |    19 ||    20
 Abil: Heal Wounds       |       |     2 ||     2
  Use: Scroll            |     1 |     8 ||     9
       Potion            |       |     1 ||     1
  Eat: Chunk             |     2 |    11 ||    13
Armor: Robe              |     4 |     7 ||    11
Dodge: Dodged            |    22 |    44 ||    66
Block: Buckler           |       |     6 ||     6

Table legend:
 A = Non-vault XP
 B = Vault XP
 C = Vault XP percentage of total XP
 D = Non-vault monster count
 E = Vault monster count
 F = Vault count percentage of total count
                 A         B        C        D         E       F
            +---------+---------+-------+---------+---------+-------
      Total |     382 |       0 |   0.0 |      66 |       0 |   0.0
            +---------+---------+-------+---------+---------+-------
        D:1 |      35 |       0 |   0.0 |      14 |       0 |   0.0
        D:2 |     117 |       0 |   0.0 |      24 |       0 |   0.0
        D:3 |     103 |       0 |   0.0 |      25 |       0 |   0.0
        D:4 |     127 |       0 |   0.0 |       3 |       0 |   0.0
            +---------+---------+-------+---------+---------+-------
